 Dungeon Crawl Stone Soup version 0.28.0-53-g5a82cb258f (webtiles) character file.

Game seed: 67248672080779255

410 pkoi the Gusty (level 6, -1/45 HPs)
             Began as a Demigod Air Elementalist on May 24, 2022.
             Killed from afar by an orc wizard (8 damage)
             ... with a magic dart
             ... on level 5 of the Dungeon.
             The game lasted 00:04:53 (6035 turns).

pkoi the Gusty (Demigod Air Elementalist)           Turns: 6035, Time: 00:04:54

Health: -1/45      AC:  2    Str:  9    XL:     6   Next: 31%
Magic:  5/13       EV: 12    Int: 25    God:
Gold:   86         SH:  0    Dex: 14    Spells: 1/11 levels left

rFire   . . .      SeeInvis .   l - +0 dagger (venom)
rCold   . . .      Faith    .   (no shield)
rNeg    . . .      Spirit   .   a - +0 robe
rPois   .          Reflect  .   (no helmet)
rElec   .          Harm     .   (no cloak)
rCorr   .          Rampage  .   (no gloves)
Will    .....                   (no boots)
Stlth   ++........              (no amulet)
HPRegen 0.15/turn               (no ring)
MPRegen 0.13/turn               (no ring)

@: no status effects
A: high MP 1, forlorn, divine attributes
a: no special abilities


You were on level 5 of the Dungeon.
You visited 1 branch of the dungeon, and saw 5 of its levels.

You collected 86 gold pieces.

Inventory:

Hand Weapons
 b - a +0 dagger
 d - a +1 short sword of draining
 l - a +0 dagger of venom (weapon)
Armour
 a - a +0 robe (worn)
Wands
 i - a wand of flame (11)
 j - a wand of iceblast (7)
Scrolls
 f - a scroll of fog
 g - a scroll of teleportation {unknown}
 m - a scroll of identify
 n - a scroll of magic mapping
Potions
 c - 2 potions of curing
 e - a potion of might
 h - 2 potions of brilliance
 k - 2 potions of flight


   Skills:
 - Level 1.7 Dodging
 - Level 1.7 Stealth
 - Level 3.0 Spellcasting
 + Level 2.5 Conjurations
 * Level 5.7 Air Magic


You had one spell level left.
You knew the following spells:

 Your Spells              Type           Power      Damage    Failure   Level
a - Shock                 Conj/Air       96%        1d9       1%          1
b - Static Discharge      Conj/Air       24%        N/A       2%          2
c - Swiftness             Air            32%        N/A       3%          3
d - Airstrike             Air            16%        N/A       10%         4

Your spell library contained the following spells:

 Spells                   Type           Power      Damage    Failure   Level


Dungeon Overview and Level Annotations

Branches:
Dungeon (5/15)
 Temple: D:4-7

Shops:
D:3 ?

Portals:
Abyss: D:3

Annotations:
D:3 2 transporters, Shockd's ghost, amateur MfIE


Innate Abilities, Weirdness & Mutations

You have an increased reservoir of magic. (+10% MP)
You shall have no god before yourself.
Your divine heritage dramatically boosts your attributes as you level up.


Message History

The orc is moderately wounded.
Aiming: Shock (safe; 1% risk of failure)
Press: ? - help, Q - select action, (/) - cycle Shift-Dir - straight line, f/p - orc priest
Aim: an orc priest, wielding a +0 hand axe (moderately wounded, 74% to hit)
The zap misses the orc priest.
The zap hits the orc.
The orc is severely wounded.
Unknown command.
Aiming: Shock (safe; 1% risk of failure)
Press: ? - help, Q - select action, (/) - cycle Shift-Dir - straight line, f/p - orc priest
Aim: an orc priest, wielding a +0 hand axe (moderately wounded, 74% to hit)
The zap hits the orc priest.
The orc priest is heavily wounded.
The zap hits the orc.
You kill the orc!
The orc priest miscasts a cantrip.
Aiming: Shock (safe; 1% risk of failure)
Press: ? - help, Q - select action, (/) - cycle Shift-Dir - straight line, f/p - orc priest
Aim: an orc priest, wielding a +0 hand axe (heavily wounded, 74% to hit)
The zap hits the orc priest.
The orc priest is severely wounded.
The orc priest invokes the aid of Beogh against you.
Beogh smites you!
* * * LOW HITPOINT WARNING * * *
Aiming: Shock (safe; 1% risk of failure)
Press: ? - help, Q - select action, (/) - cycle Shift-Dir - straight line, f/p - orc priest
Aim: an orc priest, wielding a +0 hand axe (severely wounded, 74% to hit)
The zap hits the orc priest.
The orc priest is almost dead.
An orc wizard comes into view.
It is wielding a +0 dagger and wearing a +0 robe of willpower.
Aiming: Shock (safe; 1% risk of failure)
Press: ? - help, Q - select action, (/) - cycle Shift-Dir - straight line, f/p - orc priest
Aim: an orc priest, wielding a +0 hand axe (almost dead, 74% to hit)
The zap hits the orc priest!
You kill the orc priest!
Training target 3.0 for Spellcasting reached!
Your Spellcasting skill increases to level 3!
Unknown command.
The orc wizard gestures at you while chanting.
The magic dart hits you!
You die...

##########
.......<.#
########.#
#####.# #...#.#
#.#@..# #..^###
##.## #.# #)#
#)# #o#
.......)..oo)#
...............


You could see an orc wizard.

Vanquished Creatures
  A water moccasin skeleton (D:4)
  A bullfrog zombie (D:4)
  3 orc priests
  A gnoll shaman (D:4)
  4 orc wizards (D:4)
  3 gnolls (D:4)
  2 adders (D:2)
  A worm (D:2)
  9 orcs
  8 endoplasms
  2 giant cockroaches
  3 hobgoblins
  6 quokkas
  5 ball pythons
  5 bats
  A frilled lizard (D:1)
  5 goblins
  6 kobolds
  A quokka skeleton (D:4)
  2 rats
69 creatures vanquished.

Vanquished Creatures (others)
  39 plants (D:4)
39 creatures vanquished.

Grand Total: 108 creatures vanquished

Notes
Turn   | Place    | Note
-------+----------+-------------------------------------------
     0 | D:1      | pkoi the Demigod Air Elementalist began the quest for the
                  | Orb.
     0 | D:1      | Reached XP level 1. HP: 14/14 MP: 5/5
   289 | D:1      | Reached skill level 3 in Air Magic
   648 | D:1      | Reached XP level 2. HP: 20/20 MP: 5/7
  1691 | D:2      | Reached XP level 3. HP: 26/26 MP: 0/8
  1874 | D:2      | Reached skill level 4 in Air Magic
  2592 | D:3      | Learned a level 2 spell: Static Discharge
  2596 | D:3      | Noticed Shockd's ghost (amateur MfIE)
  2608 | D:3      | Found a transporter.
  2628 | D:3      | Noticed a small abomination
  2639 | D:3      | Found a transporter.
  2639 | D:3      | Noticed a small abomination
  2964 | D:3      | Found Uppisurr's Magic Scroll Shop.
  2980 | D:3      | Reached skill level 1 in Conjurations
  3017 | D:3      | Found a one-way gate to the infinite horrors of the Abyss.
  3281 | D:4      | Reached XP level 4. HP: 33/33 MP: 1/9
  3470 | D:3      | Learned a level 3 spell: Swiftness
  4068 | D:4      | Reached XP level 5. HP: 38/38 MP: 6/11
  4344 | D:4      | Reached skill level 5 in Air Magic
  5192 | D:4      | Reached XP level 6. HP: 26/45 MP: 5/13
  5369 | D:4      | Learned a level 4 spell: Airstrike
  6006 | D:5      | Entered Level 5 of the Dungeon
  6035 | D:5      | Killed from afar by an orc wizard

Illustrated notes

Levels and vault maps discovered:
D:1:      psy_arrival_spokes, layout_loops_ring
D:2:      layout_basic, basic_altar
D:3:      layout_rooms, nicolae_elyvilon_peaceful_grove,
          nicolae_overflow_ecumenical_swirl, serial_shops, shop,
          gammafunk_ghost_abyssal_escape, minivault_23
D:4:      layout_basic, hangedman_ru_absence, serial_bayou, serial_bayou_pond_e,
          serial_bayou_shore_b, serial_bayou_lake_a, serial_bayou_shore_a
D:5:      layout_loops_ring, zin_angel, nicolae_yredelemnul_corpse_copse,
          uniq_grinder, uniq_prince_ribbit1

Skill      XL: |  1  2  3  4  5  6 |
---------------+-------------------+-----
Air Magic      | 3 4 5 |  5.7
Conjurations   | 1 2 |  2.5
Spellcasting   | 2 3 |  3.0
Dodging        | |  1.7
Stealth        | |  1.7

Action                   |  1- 3 |  4- 6 || total
-------------------------+-------+-------++-------
Melee: Short sword       |     1 |       ||     1
       Dagger            |       |     6 ||     6
 Cast: Shock             |    86 |    81 ||   167
       Static Discharge  |       |     6 ||     6
  Use: Scroll            |     5 |     4 ||     9
Armor: Robe              |     5 |     5 ||    10
Dodge: Dodged            |    10 |    11 ||    21
